 Dungeon Crawl Stone Soup version 0.28-a0-1206-g193881aaa2 (webtiles) character file.

Game seed: 9431302909615144315

1277 sanka the Agent of Entropy (level 8, 0/62 HPs)
             Began as a Palentonga Abyssal Knight on Dec 20, 2021.
             Was a Priest of Lugonu.
             Succumbed to an orc wizard's poison
             ... on level 5 of the Dungeon.
             The game lasted 00:09:04 (5757 turns).

sanka the Agent of Entropy (PaAK)                   Turns: 5757, Time: 00:09:05

Health: 0/62       AC:  9    Str: 19      XL:     8   Next: 29%
Magic:  14/14      EV:  8    Int:  9 (11) God:    Lugonu [***...]
Gold:   46         SH:  0    Dex:  9 (10) Spells: 7/7 levels left

rFire   . . .      SeeInvis +   a - +2 morningstar (protect)
rCold   + + .      Faith    +   (no shield)
rNeg    . . .      Spirit   .   h - +2 ring mail {rC+}
rPois   .          Reflect  .   (helmet restricted)
rElec   .          Harm     .   (no cloak)
rCorr   .          Rampage  .   l - +1 pair of gloves
Will    .....                   (no barding)
Stlth   ..........              g - amulet of faith
HPRegen 0.20/turn               (no ring)
MPRegen 0.14/turn               (no ring)

@: lethally poisoned (0 -> -15), studying Slings, invisible
A: large, rugged brown scales 3, see invisible, deformed body, roll 1, armoured
tail, reflexive curl, horns 1, cold resistance 1, deterioration 1
a: Rolling Charge, Renounce Religion, Depart the Abyss, Bend Space, Banish


You were on level 5 of the Dungeon.
You worshipped Lugonu.
Lugonu was most pleased with you.
You visited 1 branch of the dungeon, and saw 5 of its levels.
You visited the Abyss 1 time.

You collected 200 gold pieces.
You spent 154 gold pieces at shops.


Innate Abilities, Weirdness & Mutations

You are completely covered in rugged brown scales. (AC +3, +7% HP)
You have supernaturally acute eyesight. (SInv)
Armour fits poorly on your strangely shaped body.
You can roll at nearby foes to attack.
You have a long armoured tail.
You curl defensively after being hit. (AC +7*)
You have a pair of small horns on your head.
Your flesh is cold resistant. (rC+)
Your body sometimes deteriorates upon taking damage.


   Skills:
 - Level 3.0 Fighting
 + Level 7.4 Maces & Flails
 - Level 1.5 Armour
 - Level 0.7 Dodging
 - Level 8.0 Invocations


You had 7 spell levels left.
You didn't know any spells.
Your spell library contained the following spells:

 Spells                   Type           Power      Damage    Failure   Level
 Corpse Rot               Necr/Air       0%         N/A       71%         2
 Poisonous Vapours        Pois/Air       0%         N/A       71%         2
 Tukima's Dance           Hex            0%         N/A       91%         3
 Dispel Undead            Necr           0%         3d6       100%        4
 Passage of Golubria      Tloc           0%         N/A       100%        4
 Yara's Violent Unravell  Hex/Tmut       0%         3d3       100%        5
 Death Channel            Necr           0%         N/A       100%        6

Inventory:

Hand Weapons
 a - a +2 morningstar of protection (weapon)
Armour
 h - a +2 ring mail of cold resistance (worn)
 j - a +0 helmet
 l - a +1 pair of gloves (worn)
Jewellery
 g - an amulet of faith (around neck)
Scrolls
 c - 3 scrolls of teleportation {unknown}
 d - 2 scrolls of torment {unknown}
 e - a scroll of fear {unknown}
 f - a scroll of noise {unknown}
 k - 3 scrolls of identify {unknown}
 o - a scroll of immolation {unknown}
Potions
 i - a potion of invisibility
 n - a potion of curing {unknown}

Dungeon Overview and Level Annotations

Branches:
Dungeon (5/15)
 Temple: D:4-7

Altars:
Dithmenos
Gozag
Nemelex Xobeh
Zin

Shops:
D:1 (

Annotations:
Abyss:1 Grinder

▒▒▒▒▒▒▒▒▒▒
▒........▒▒▒▒▒▒▒▒▒▒▒▒▒▒
▒........'oo.....o.....
▒.....H.o▒▒▒▒▒▒▒▒▒▒▒▒▒▒
▒......o.▒
▒.....▒▒'▒▒▒▒▒▒▒▒
▒..... ▒>........
▒..... ▒.▒▒▒▒▒▒▒▒
▒.....▒▒'▒▒▒▒▒▒▒▒
▒.....▒..........
▒.....▒..........
▒..............."


You could see an orc priest, 2 orc wizards and an orc.


Message History

The orc wizard casts a spell.
The orc wizard flickers and vanishes for a moment.
The orc wizard casts a spell at you.
The puff of flame hits the orc wizard.
There is an open door here.
The orc wizard casts a spell at you.
You are confused.
The orc wizard casts a spell at you.
The orc wizard resists with some effort.
You bump into the rock wall.
The orc wizard hits you with a +0 dagger of venom.
* * * LOW HITPOINT WARNING * * *
You are poisoned.
* * * LOW HITPOINT WARNING * * *
You feel very sick.
The orc wizard points at you and mumbles some strange words.
The orc wizard appears confused.
* * * LOW HITPOINT WARNING * * *
You feel very sick.
* * * LOW HITPOINT WARNING * * *
You feel sick.
The orc wizard hits you with a +0 dagger of venom.
* * * LOW HITPOINT WARNING * * *
You are lethally poisoned!
You feel less confused.
* * * LOW HITPOINT WARNING * * *
You feel very sick.
It was a potion of invisibility.
You fade into invisibility!
You die...

Action                   |  1- 3 |  4- 6 |  7- 9 || total
-------------------------+-------+-------+-------++-------
Melee: Mace              |   119 |    36 |       ||   155
       Tailslap          |    10 |    15 |    14 ||    39
       Flail             |       |    59 |       ||    59
       Headbutt          |       |    12 |    10 ||    22
       Morningstar       |       |       |    88 ||    88
Invok: Banish            |       |     3 |       ||     3
 Abil: Rolling Charge    |     9 |     2 |     8 ||    19
  Use: Potion            |     1 |     2 |     2 ||     5
Armor: Leather armour    |    40 |    24 |     1 ||    65
       Ring mail         |       |       |    64 ||    64
Dodge: Dodged            |    63 |    47 |    26 ||   136

Levels and vault maps discovered:
D:1:      psy_arrival_basics, layout_basic, chequers_ecumenical_altar_grove,
          serial_shops, nicolae_shop_temple_entry_statues_fountains,
          minmay_strange_pillars, chequers_mini_garden
D:2:      layout_loops_cross, minmay_tromino_mix6, uniq_terence, uniq_robin
D:3:      layout_rooms, mainiacjoe_overflow_alcove_4, lemuel_round_altar,
          serial_glass, glass_columns_a, glass_columns_a, uniq_grinder
D:4:      layout_rooms, kennysheep_generic_room_9
D:5:      layout_basic, grunt_dithmenos_smoke_and_mirrors,
          mainiacjoe_overflow_cross_hatched, minmay_puff

Notes
Turn   | Place    | Note
-------+----------+-------------------------------------------
     0 | Abyss:1  | sanka the Palentonga Abyssal Knight began the quest for the
                  | Orb.
     0 | Abyss:1  | Reached XP level 1. HP: 19/19 MP: 2/2
    18 | D:1      | Escaped the Abyss
   100 | D:1      | Found a faded altar of an unknown god.
   175 | D:1      | Reached XP level 2. HP: 24/25 MP: 3/3
   310 | D:1      | Found Lattaosch's Antique Weapon Boutique.
   328 | D:1      | Reached skill level 3 in Maces & Flails
   476 | D:1      | Reached ** piety under Lugonu
   732 | D:1      | Reached XP level 3. HP: 31/31 MP: 4/4
  1275 | D:2      | Noticed Terence
  1285 | D:2      | Noticed Robin
  2108 | D:2      | Killed Robin
  2109 | D:2      | Reached skill level 4 in Maces & Flails
  2109 | D:2      | Reached XP level 4. HP: 18/37 MP: 6/6
  2333 | D:2      | Reached skill level 3 in Invocations
  2401 | D:3      | Noticed Grinder
  2570 | D:2      | Gained mutation: Your body sometimes deteriorates upon
                  | taking damage. [potion of mutation]
  2570 | D:2      | Gained mutation: Your flesh is cold resistant. (rC+)
                  | [potion of mutation]
  2570 | D:2      | Gained mutation: You have a pair of small horns on your
                  | head. [potion of mutation]
  2617 | D:3      | Reached *** piety under Lugonu
  2963 | D:3      | Reached XP level 5. HP: 39/43 MP: 7/7
  3037 | D:3      | Found an opulent altar of Gozag.
  3077 | D:3      | Reached skill level 4 in Invocations
  3288 | D:3      | Found a sparkling altar of Nemelex Xobeh.
  3579 | D:4      | Noticed an ogre
  3590 | D:3      | Reached skill level 5 in Maces & Flails
  3646 | D:3      | Reached XP level 6. HP: 36/50 MP: 9/9
  4513 | D:1      | Bought a glowing morningstar for 154 gold pieces
  4574 | D:2      | Banished Grinder
  4575 | D:2      | Reached skill level 6 in Maces & Flails
  4575 | D:2      | Reached skill level 5 in Invocations
  4575 | D:2      | Gained mutation: You curl defensively after being hit. (AC
                  | +7*) [Palentonga growth]
  4575 | D:2      | Reached XP level 7. HP: 55/55 MP: 5/11
  4833 | D:2      | Killed Terence
  4834 | D:2      | Reached skill level 6 in Invocations
  5180 | D:5      | Entered Level 5 of the Dungeon
  5257 | D:5      | Reached skill level 7 in Invocations
  5415 | D:5      | Reached skill level 8 in Invocations
  5478 | D:5      | Found a glowing silver altar of Zin.
  5489 | D:5      | Found a shadowy altar of Dithmenos.
  5525 | D:5      | Reached XP level 8. HP: 62/62 MP: 14/14
  5557 | D:5      | Reached skill level 7 in Maces & Flails
  5756 | D:5      | HP: 4/62 [poisoned by an orc wizard]
  5757 | D:5      | Succumbed to an orc wizard's poison

Vanquished Creatures
  A water moccasin (D:5)
  A hornet zombie (D:5)
  2 scorpions (D:5)
  2 water moccasin zombies (D:5)
  A howler monkey (D:5)
  3 hounds
  An orc priest (D:5)
  Terence (D:2)
  An iguana (D:5)
  4 orc wizards
  A scorpion zombie (D:5)
  Robin (D:2)
  11 gnolls (D:3)
  4 adders
  A worm (D:1)
  A dart slug (D:1)
  9 orcs
  8 ball pythons
  10 bats
  4 endoplasms
  2 giant cockroaches
  7 hobgoblins
  3 quokkas
  4 frilled lizards
  16 goblins
  6 kobolds
  9 rats
114 creatures vanquished.
